 Dungeon Sprint DCSS version 0.19.0-24-gb05acd6 (webtiles) character file.

875 equalderp2856 the Blinker (level 7, -9/37 HPs)
             Began as a Felid Fighter on Nov 21, 2016.
             Mangled by a death scarab (11 damage)
             ... in the Dungeon (Sprint V: "Ziggurat Sprint").
             The game lasted 00:13:37 (879 turns).

equalderp2856 the Blinker (Felid Fighter)            Turns: 879, Time: 00:13:38

Health: -9/37      AC:  2    Str: 13    XL:     7   Next: 74%
Magic:  13/13      EV: 29    Int: 11    God:
Gold:   0          SH:  0    Dex: 16    Spells: 3 memorised, 3 levels left
                                        Lives:  0   Deaths: 2

rFire  . . .     SeeInvis +       - Unarmed
rCold  . . .     Gourm    .     (armour unavailable)
rNeg   . . .     Faith    .     (shield unavailable)
rPois  .         Spirit   .     (helmet unavailable)
rElec  +         Reflect  .     (cloak unavailable)
rCorr  .         Harm     .     (gloves unavailable)
MR     ++...     NoTele   +     (boots unavailable)
Stlth  +++.......               (no amulet)
                                (no ring)
                                l - ring "Demoext" {rElec MR+}

@: studying 2 skills, quick
A: no armour, no weapons or thrown items, stealth, claws 1, fangs 3, see
invisible, carnivore 3, speed 1, screaming 1, shaggy fur 2, slow regeneration 1,
slow metabolism 1, sharp paws
a: no special abilities


You were in the Dungeon.
You were not hungry.

You visited 1 branch

Inventory:

Jewellery
 l - the ring "Demoext" (left paw) {rElec MR+}
   (You found it in the Dungeon)

   [ring of protection from magic]

   It insulates you from electricity.
   It affects your resistance to hostile enchantments.
 B - an uncursed ring of protection from cold
 F - an uncursed ring of protection from fire
 H - a cursed -3 ring of slaying
 I - an uncursed ring of see invisible
Wands
 u - a wand of disintegration (7/24)
 v - a wand of iceblast (5/15)
 w - a wand of lightning (0/15)
 x - a wand of acid (2/15)
Scrolls
 h - 4 scrolls of blinking
 n - 4 scrolls of amnesia
 p - 7 scrolls of fog
 q - a scroll of holy word
 r - 5 scrolls of identify
 s - 5 scrolls of remove curse
 t - 2 scrolls of fear
Potions
 a - 7 potions of might
 c - 10 potions of curing
 d - 4 potions of heal wounds
 e - 6 potions of haste
 f - 7 potions of magic
 g - 3 potions of berserk rage
 i - 2 potions of brilliance
 j - 2 potions of invisibility
 k - 4 potions of resistance
 m - 5 potions of agility
Books
 z - a book of Cantrips

   Spells                             Type                      Level
   a - Confusing Touch                Hexes                        1
   b - Animate Skeleton               Necromancy                   1
   c - Summon Small Mammal            Summoning                    1
   d - Apportation                    Translocation                1
 A - a manual of Translocations
 C - a manual of Fighting
 E - a manual of Axes
 G - the Tome of Fascination
   (You found it in the Dungeon)

   Spells                             Type                      Level
   a - Summon Guardian Golem          Hexes/Summoning              3
   b - Confuse                        Hexes                        3
Miscellaneous
 y - a lamp of fire (inert)
 D - a lamp of fire (inert)
Comestibles
 b - a meat ration


   Skills:
 + Level 8.8 Fighting
 + Level 13.0 Dodging
 + Level 2.8 Stealth
 + Level 14.5 Unarmed Combat
 + Level 16.9 Translocations
 + Level 7.3 Evocations


You had 3 spell levels left.
You knew the following spells:

 Your Spells              Type           Power        Failure   Level  Hunger
a - Confusing Touch       Hex            #.....       34%         1    ##.....
b - Animate Skeleton      Necr           N/A          34%         1    ##.....
c - Summon Small Mammal   Summ           #...         34%         1    ##.....


Dungeon Overview and Level Annotations

Branches:
Dungeon (1/1)

Altars:
Ashenzari
Cheibriados
Dithmenos
Elyvilon
Fedhas
Gozag
Hepliaklqana
Kikubaaqudgha
Makhleb
Nemelex Xobeh
Okawaru
Qazlal
Ru
Sif Muna
Trog
Uskayaw
Vehumet
Xom
Yredelemnul
Zin
The Shining One
Beogh
Jiyva
Lugonu


Innate Abilities, Weirdness & Mutations

You cannot wear armour.
You are incapable of wielding weapons or throwing items.
Your paws allow you to move quietly. (Stealth)
You have sharp claws.
You have razor-sharp teeth.
You have supernaturally acute eyesight. (SInv)
You are carnivorous and can eat meat at any time.
You cover ground quickly.
You are covered in thick fur. (AC +2)
You have a slow metabolism.
Your sharp claws are effective at attacking unaware monsters.
You occasionally shout uncontrollably at your foes.
You regenerate slowly when monsters are visible.


Message History

Your surroundings seem different!
Welcome to arena 11.
The death scarab completely misses you.
The greater mummy calls on the powers of darkness!
Your body is wracked with pain!
You scratch the greater mummy.
The greater mummy is moderately damaged.
The death scarab completely misses you.
The guardian mummy completely misses you.
The greater mummy completely misses you.
You claw the greater mummy! You bite the greater mummy.
The greater mummy is moderately damaged.
The death scarab bites you!!
* * * LOW HITPOINT WARNING * * *
The death scarab draws strength from your injuries!
The death scarab closely misses you.
The guardian mummy completely misses you.
You claw the greater mummy!
The greater mummy is moderately damaged.
The death scarab bites you!
You die...

▓..=}|:}..▓....[.|..▓
▓..!"|))..▓....[.)..▓
▓.........▓.........▓
▓.........▓.........▓
▓.........▓.........▓
▓..szs....▓.....†...▓
▓.s.4MZs..▓.....)...▓
▓.▓sMMMs▓.▓.........▓
▓...@s3s..▓▓▓▓▓▓▓▓▓▓▓
▓▓▓▓▓▓▓▓▓▓▓


You could see a greater mummy, a mummy priest, a guardian mummy, a sixfirhy, a
chaos spawn, 8 death scarabs, a flying skull, a mummy and an adder zombie.

Vanquished Creatures
  A shining eye (D)
  An ugly thing (D)
  2 guardian mummies (D)
  A troll (D)
  A hippogriff (shapeshifter) (D)
  A tarantella (shapeshifter) (D)
  A yak (D)
  2 neqoxecs (D)
  2 phantoms (D)
  2 necrophages (D)
  A wolf (D)
  3 ogres (D)
  A wight (D)
  3 mummies (D)
  An adder (D)
  2 adder zombies (D)
  An adder skeleton (D)
  A ball python (D)
  3 bat skeletons (D)
  4 bat zombies (D)
  A jackal (D)
  3 giant cockroach zombies (D)
  A quokka skeleton (D)
  A quokka zombie (D)
40 creatures vanquished.

Notes
Turn   | Place    | Note
-------+----------+-------------------------------------------
     0 | D        | equalderp2856 the Felid Fighter began the quest for the Orb.
     0 | D        | Reached XP level 1. HP: 10/10 MP: 2/2
     0 | D        | Found a deep blue altar of Sif Muna.
     0 | D        | Found a bloodstained altar of Trog.
     0 | D        | Found a sacrificial altar of Ru.
     0 | D        | Found a stormy altar of Qazlal.
     0 | D        | Found an iron altar of Okawaru.
     3 | D        | Found a sparkling altar of Nemelex Xobeh.
     3 | D        | Found a blossoming altar of Fedhas.
     5 | D        | Found an ancient bone altar of Kikubaaqudgha.
     5 | D        | Found a viscous altar of Jiyva.
     5 | D        | Found a corrupted altar of Lugonu.
     5 | D        | Found a hazy altar of Hepliaklqana.
     5 | D        | Found a burning altar of Makhleb.
     5 | D        | Found an opulent altar of Gozag.
    28 | D        | Entered arena 1.
    32 | D        | Reached skill level 5 in Unarmed Combat
    32 | D        | Reached XP level 2. HP: 13/14 MP: 3/3
    60 | D        | Entered arena 2.
    60 | D        | Noticed a wolf
    60 | D        | Noticed a yak
    68 | D        | Killed a wolf
    68 | D        | Reached skill level 1 in Evocations
    68 | D        | Reached XP level 3. HP: 14/19 MP: 3/5
    68 | D        | Reached XP level 4. HP: 17/22 MP: 3/6
    71 | D        | Killed a yak
    71 | D        | Reached XP level 5. HP: 2/27 MP: 3/7
   354 | D        | Reached skill level 16 in Translocations
   354 | D        | Gained mutation: You are covered in thick fur. (AC +2) [Felid growth]
   354 | D        | Reached XP level 6. HP: 31/31 MP: 8/8
   359 | D        | Entered arena 3.
   359 | D        | Noticed a troll
   361 | D        | Reached skill level 10 in Unarmed Combat
   361 | D        | Reached XP level 7. HP: 35/35 MP: 8/10
   362 | D        | Killed a troll
   371 | D        | Got the ring "Demoext" {rElec MR+}
   383 | D        | Entered arena 4.
   386 | D        | Reached skill level 10 in Dodging
   386 | D        | Reached XP level 8. HP: 40/40 MP: 11/11
   421 | D        | Entered arena 5.
   461 | D        | Learned a level 1 spell: Confusing Touch
   463 | D        | Learned a level 1 spell: Animate Skeleton
   465 | D        | Learned a level 1 spell: Summon Small Mammal
   536 | D        | Entered arena 6.
   536 | D        | Noticed a hippogriff
   536 | D        | Noticed a white ugly thing
   536 | D        | Noticed a shining eye
   540 | D        | Killed a hippogriff
   540 | D        | Reached skill level 1 in Stealth
   546 | D        | Killed a white ugly thing
   546 | D        | Reached skill level 5 in Evocations
   548 | D        | Killed a shining eye
   548 | D        | Reached XP level 9. HP: 24/45 MP: 12/14
   548 | D        | Gained mutation: You occasionally shout uncontrollably at your foes. [a neqoxec]
   550 | D        | Gained mutation: You regenerate slowly when monsters are visible. [a neqoxec]
   746 | D        | Entered arena 7.
   746 | D        | Noticed a guardian mummy
   746 | D        | Noticed a guardian mummy
   746 | D        | Noticed a greater mummy
   746 | D        | Noticed a guardian mummy
   750 | D        | Killed a guardian mummy
   757 | D        | Killed a guardian mummy
   758 | D        | HP: 2/45 [greater mummy (28)]
   759 | D        | Slain by a greater mummy
   760 | D        | Reached XP level 8. HP: -5/42 MP: 14/14
   798 | D        | Identified the Tome of Fascination (You found it in the Dungeon)
   862 | D        | Entered arena 11.
   862 | D        | Noticed a mummy priest
   863 | D        | Noticed a greater mummy
   863 | D        | Noticed a guardian mummy
   863 | D        | Noticed a flying skull
   863 | D        | Noticed a death scarab
   865 | D        | Noticed a sixfirhy
   866 | D        | Noticed a death scarab
   866 | D        | Noticed a death scarab
   866 | D        | Noticed a death scarab
   867 | D        | Noticed a death scarab
   867 | D        | Noticed a death scarab
   867 | D        | Noticed a death scarab
   868 | D        | HP: 1/42 [mummy priest/divine providence (12)]
   869 | D        | Killed themself with a badly aimed iceblast
   870 | D        | Reached XP level 7. HP: -14/37 MP: 13/13
   876 | D        | Entered arena 11.
   876 | D        | Noticed a death scarab
   876 | D        | Noticed a death scarab
   876 | D        | Noticed a death scarab
   879 | D        | Mangled by a death scarab

Skill      XL: |  1  2  3  4  5  6  7  8  9 |
---------------+----------------------------+-----
Unarmed Combat | 5 7 9 10 11 13 14 | 14.5
Fighting       | 4 6 7 8 |  8.8
Dodging        | 6 8 10 13 12 | 13.0
Evocations     | 1 2 3 6 7 |  7.3
Translocations | 16 | 16.9
Stealth        | 1 2 |  2.8

Action                   |  1- 3 |  4- 6 |  7- 9 || total
-------------------------+-------+-------+-------++-------
Melee: Unarmed           |     4 |     3 |    61 ||    68
       Bite              |       |     1 |     7 ||     8
       Punch             |       |     1 |     4 ||     5
Evoke: Wand              |     6 |     2 |    18 ||    26
       Lamp of fire      |       |       |     2 ||     2
       Sack of spiders   |       |       |     1 ||     1
  Use: Potion            |     1 |     1 |     5 ||     7
       Scroll            |       |       |     3 ||     3
  Eat: Chunk             |     1 |     5 |       ||     6
Armor: Skin              |       |       |     9 ||     9
Dodge: Dodged            |    15 |     1 |   154 ||   170
